 Dungeon Crawl Stone Soup version 0.18.1-50-g88ac8fd (webtiles) character file.

65 go0n the Ducker (level 3, 0/36 HPs)
             Began as a Troll Berserker on Sept 14, 2016.
             Was a Believer of Trog.
             Killed from afar by Natasha (11 damage)
             ... with a magic dart
             ... on level 2 of the Dungeon.
             The game lasted 00:13:39 (1256 turns).

go0n the Ducker (Troll Berserker)                   Turns: 1256, Time: 00:13:40

Health: 0/36       AC:  0    Str: 26    XL:     3   Next: 94%
Magic:  2/2        EV: 15    Int:  3    God:    Trog [**....]
Gold:   73         SH:  0    Dex:  9    Spells: 0 memorised, 2 levels left

rFire  . . .     SeeInvis .     (weapon currently unavailable)
rCold  . . .     Gourm    +     (armour currently unavailable)
rNeg   . . .     Faith    .     (shield currently unavailable)
rPois  .         Spirit   .     (helmet currently unavailable)
rElec  .         Dismiss  .     (cloak currently unavailable)
rCorr  .         Reflect  .     (gloves unavailable)
SustAt .         Harm     .     (boots unavailable)
MR     .....                    (no amulet)
Stlth  +.........               (ring currently unavailable)
                                (ring currently unavailable)

@: pig-form (expiring), very quick, not resistant to hostile enchantments, very
unstealthy
A: unfitting armour, (claws 0), fast metabolism 3, gourmand, regeneration 2,
(shaggy fur 0), (tough skin 0)
a: Berserk, Trog's Hand, Burn Spellbooks, Renounce Religion


You were on level 2 of the Dungeon.
You worshipped Trog.
Trog was pleased with you.
You were hungry.
You were a filthy swine.
You visited 1 branch of the dungeon, and saw 2 of its levels.

You collected 73 gold pieces.

Inventory:

Hand Weapons
 a - a +0 mace (melded)
 d - a +0 club
Armour
 b - a +0 animal skin (melded)
 o - a +0 leather armour
Scrolls
 e - a scroll of random uselessness
 g - a scroll of amnesia {unknown}
 h - 2 scrolls of magic mapping {unknown}
 i - a scroll of noise {unknown}
 j - 2 scrolls of enchant armour {unknown}
 k - a scroll of teleportation {unknown}
 n - a scroll of identify {unknown}
Potions
 l - a potion of brilliance {unknown}
 m - a potion of berserk rage {unknown}
 q - a potion of ambrosia {unknown}
Comestibles
 c - 3 bread rations
 f - 2 chunks of flesh
 p - a royal jelly


   Skills:
 + Level 2.8 Fighting
 + Level 3.1 Maces & Flails
 + Level 3.3 Dodging


You had 2 spell levels left.
You didn't know any spells.

Dungeon Overview and Level Annotations

Branches:
Dungeon (2/15)

Altars:

Annotations:
D:2 Natasha


Innate Abilities, Weirdness & Mutations

You are too large for most types of armour.
((You have claws for hands.))
Your metabolism is lightning-fast.
You like to eat raw meat.
You heal very quickly.
((You are covered in fur (AC +1).))
((You have very tough skin (AC +2).))


Message History

The crimson imp blinks!
Your transformation is almost over.
Natasha zaps a wand.
You offer a prayer to Trog.
Trog is pleased with you.
You hit Natasha.
Natasha is moderately wounded.
Natasha barely misses you.
You hit Natasha.
Natasha is moderately wounded.
Natasha mumbles some strange words.
The crimson imp blinks!
You barely miss Natasha.
Natasha is moderately wounded.
Natasha misses you. The shadow imp barely misses you.
You closely miss Natasha.
Natasha is moderately wounded.
Natasha casts a spell at you. The magic dart hits you!
You die...

. #. #.# #.#. #..# #.#.###
#.#.# .......###....#.#
.#####.###.#5#......
..........§h5....#
.#######5#5#.#.#.# #h#.#.#
# #############h#.#.#
#...........5.#.#.#
#.............#.#.#
#.............#.#..
#.............#÷#######.#
#.............).........#
#.............#.#...###.#.#
#.............#...........#
#.............#...........#


You could see Natasha, a white imp and a shadow imp.

Vanquished Creatures
  Natasha (D:2)
  A worm (D:1)
  3 dart slugs (D:1)
  4 goblins
  5 hobgoblins
  4 jackals (D:1)
  3 bats
  2 giant newts (D:1)
  2 kobolds (D:1)
  8 rats
33 creatures vanquished.

Notes
Turn   | Place    | Note
--------------------------------------------------------------
     0 | D:1      | go0n the Troll Berserker began the quest for the Orb.
     0 | D:1      | Reached XP level 1. HP: 22/22 MP: 0/0
   118 | D:1      | Reached XP level 2. HP: 21/29 MP: 1/1
   712 | D:1      | Reached ** piety under Trog
   766 | D:1      | Reached XP level 3. HP: 36/36 MP: 2/2
   981 | D:2      | Noticed Natasha
  1028 | D:2      | Killed Natasha
  1225 | D:2      | Noticed Natasha
  1256 | D:2      | Killed from afar by Natasha

Skill      XL: |  1  2  3 |
---------------+----------+-----
Maces & Flails | 3 |  3.1
Dodging        | 3 |  3.3
Fighting       | |  2.8

Action                   || total
-------------------------++-------
Melee: Mace              ||   123
       Unarmed           ||    17
Throw: Stone             ||     1
  Use: Scroll            ||     1
  Eat: Chunk             ||     8
Armor: Animal skin       ||    89
       Skin              ||     1
Dodge: Dodged            ||   140
